 Dungeon Crawl Stone Soup version 0.30.1-11-g7821555f0a (webtiles) character file.

Game seed: 1905078384238579337

403 Kranky the Poker (level 6, 0/56 HPs)
             Began as a Minotaur Berserker on Nov 9, 2023.
             Was a Believer of Trog.
             Slain by chicagocrazy's ghost (1 damage)
             ... on level 4 of the Dungeon.
             The game lasted 00:04:02 (3382 turns).

Kranky the Poker (Minotaur Berserker)               Turns: 3382, Time: 00:04:02

Health: 0/56       AC:  6    Str: 23    XL:     6   Next: 55%
Magic:  5/5        EV: 12    Int:  4    God:    Trog [**....]
Gold:   156        SH:  0    Dex: 10    Spells: 5/5 levels left

rFire   . . .        j - +0 halberd
rCold   . . .        (shield currently unavailable)
rNeg    . . .        i - +0 ring mail
rPois   .            (helmet restricted)
rElec   .            (no cloak)
rCorr   .            (no gloves)
SInv    .            (no boots)
Will    .....        (no amulet) Stlth
                     (no ring)
HPRegen 0.29/turn    (no ring)
MPRegen 0.09/turn

%: no passive effects
@: confused, lethally poisoned (0 -> -17), ambrosia-drunk, on berserk cooldown,
hasted and slowed
A: horns 2, retaliatory headbutt
a: Renounce Religion, Berserk, Trog's Hand


You were on level 4 of the Dungeon.
You worshipped Trog.
Trog was pleased with you.
You visited 1 branch of the dungeon, and saw 4 of its levels.

You collected 156 gold pieces.

Inventory:

Hand Weapons
 a - a +0 spear
 j - a +0 halberd (weapon)
Missiles
 k - 4 throwing nets (quivered)
Armour
 b - a +0 animal skin
 i - a +0 ring mail (worn)
Jewellery
 v - a ring of flight
Scrolls
 c - a scroll of amnesia {unknown}
 d - a scroll of noise {unknown}
 e - a scroll of enchant weapon {unknown}
 g - a scroll of acquirement {unknown}
 m - 2 scrolls of poison {unknown}
 n - a scroll of fog {unknown}
 o - 3 scrolls of fear {unknown}
 p - 2 scrolls of identify {unknown}
 w - a scroll of teleportation {unknown}
 x - a scroll of immolation {unknown}
Potions
 f - 2 potions of might {unknown}
 h - 2 potions of ambrosia
 l - a potion of haste
 q - a potion of degeneration {unknown}
 r - a potion of attraction {unknown}
 s - a potion of brilliance {unknown}
 t - 2 potions of lignification {unknown}
 u - a potion of mutation {unknown}
 z - a potion of flight {unknown}


   Skills:
 + Level 5.4 Fighting
 + Level 5.4 Polearms
 + Level 4.7 Armour
 + Level 4.2 Dodging


You had 5 spell levels left.
You didn't know any spells.
Your spell library was empty.

Dungeon Overview and Level Annotations

Branches:
Dungeon (4/15)             Temple (0/1) D:4

Altars:

Shops:
D:4 *

Annotations:
D:4 chicagocrazy's ghost, novice OpTm; rundlesten's ghost, amateur OpHW


Innate Abilities, Weirdness & Mutations

You have a pair of horns on your head.
You reflexively headbutt those who attack you in melee.


Message History

The ball explodes into a vile cloud!
The stinking cloud engulfs you but does no damage.
The stinking cloud engulfs rundlesten's ghost but does no damage.
The stinking cloud engulfs chicagocrazy's ghost but does no damage.
Chicagocrazy's ghost misses you.
For a moment, rundlesten's ghost blends into the shadows.
Rundlesten's ghost barely misses you.
Chicagocrazy's ghost hits you but does no damage.
You are lethally poisoned!
You are too confused!
Unknown command.
You bump into the rock wall.
* * * LOW HITPOINT WARNING * * *
You feel extremely sick.
Rundlesten's ghost mumbles some strange words.
Rundlesten's ghost blinks!
Chicagocrazy's ghost hits you but does no damage.
You feel less confused.
* * * LOW HITPOINT WARNING * * *
You feel very sick. Chicagocrazy's ghost hits you.
* * * LOW HITPOINT WARNING * * *
You are more poisoned.
Chicagocrazy's ghost closely misses you.
It was a potion of ambrosia.
You are confused.
You feel invigorated.
* * * LOW HITPOINT WARNING * * *
You feel extremely sick.
Chicagocrazy's ghost closely misses you.
It was a potion of haste.
You feel yourself speed up.
* * * LOW HITPOINT WARNING * * *
You feel very sick. Chicagocrazy's ghost hits you.
* * * LOW HITPOINT WARNING * * *
You are more poisoned.
Rundlesten's ghost hits you.
* * * LOW HITPOINT WARNING * * *
Chicagocrazy's ghost hits you.
You die...

############# #.##...#.#.
#...........##!P⌠P?####.#.....
#.#.....#####8.....8###.######
#.#........#$....$...##.#
#.......####P.......P##.######
####....# #⌠.......⌠#........
##.#.# #P......:P#....####
#.#.# ###'''#####....... #<#.#
#@W.....# #...#... ####.#[#
#.W.....# #....... #.†..#>#
###..#### ##..##..
#####.####.# #.## #......
...........# ####.# ##.##.#
#####.###### #....# #.##.# #.#
#.#### #.#... #.# #.# #.....
## #.# #.# ###...


You could see chicagocrazy's ghost and rundlesten's ghost.

Vanquished Creatures
  The ghost of Fractals the Grave Robber, an amateur HuNe (D:3)
  2 scorpions (D:4)
  A hound (D:4)
  Jessica (D:2)
  3 adders
  4 gnolls (D:2)
  3 worms
  4 dart slugs
  2 orcs
  8 ball pythons
  9 bats
  4 endoplasms
  3 giant cockroaches
  3 goblins
  5 hobgoblins
  4 kobolds
  5 quokkas
  3 frilled lizards
  3 rats
68 creatures vanquished.

Notes
Turn   | Place    | Note
-------+----------+-------------------------------------------
     0 | D:1      | Kranky the Minotaur Berserker began the quest for the Orb.
     0 | D:1      | Reached XP level 1. HP: 19/19 MP: 0/0
   155 | D:1      | Reached XP level 2. HP: 27/27 MP: 1/1
   560 | D:1      | You fall into a shaft and drop 1 floor!
   957 | D:2      | Noticed Jessica
   967 | D:2      | Reached XP level 3. HP: 20/33 MP: 2/2
   974 | D:2      | Killed Jessica
   992 | D:2      | Reached ** piety under Trog
  1144 | D:2      | Reached XP level 4. HP: 25/40 MP: 3/3
  1579 | D:2      | Found a faded altar of an unknown god.
  1994 | D:3      | Reached XP level 5. HP: 47/47 MP: 4/4
  2120 | D:3      | Found a large runed translucent door.
  2120 | D:3      | Found a large runed translucent door.
  2124 | D:3      | Noticed Fractals's ghost (amateur HuNe)
  2627 | D:3      | Killed Fractals's ghost
  2628 | D:3      | Reached skill level 5 in Fighting
  2628 | D:3      | Reached skill level 5 in Polearms
  2817 | D:4      | Found Foenoyrour's General Store.
  2825 | D:4      | Found a staircase to the Ecumenical Temple.
  2830 | D:4      | Reached XP level 6. HP: 56/56 MP: 5/5
  3251 | D:4      | Found a runed translucent gate.
  3251 | D:4      | Found a runed translucent gate.
  3251 | D:4      | Found a runed translucent gate.
  3255 | D:4      | Noticed rundlesten's ghost (amateur OpHW)
  3255 | D:4      | Noticed chicagocrazy's ghost (novice OpTm)
  3382 | D:4      | HP: 1/56 [rundlesten's ghost (3)]
  3382 | D:4      | Slain by chicagocrazy's ghost

Illustrated notes

Levels and vault maps discovered:
D:1:      psy_arrival_spokes, layout_basic, minmay_misc_feat_roman
D:2:      layout_loops_ring, dreamdust_ecumenical_altar_grove,
          nicolae_grassy_gnolls, uniq_jessica
D:3:      layout_basic, ebering_ghost_disaster_area, due_unseen_surprise
D:4:      layout_loops_ring, minmay_temple_entry_glass, serial_shops, shop,
          serial_glass, glass_columns_b, glass_columns_b,
          gammafunk_ghost_cemetery

Skill      XL: |  1  2  3  4  5 |
---------------+----------------+-----
Polearms       | 4 5 |  5.4
Fighting       | 4 5 |  5.4
Armour         | 3 4 |  4.7
Dodging        | 3 4 |  4.2

Action                     |  1- 3 |  4- 6 || total
---------------------------+-------+-------++-------
  Melee: Spear             |    74 |    11 ||    85
         Headbutt          |     6 |    17 ||    23
         Halberd           |       |    99 ||    99
         Punch             |       |     1 ||     1
 Invoke: Berserk           |     1 |     2 ||     3
    Use: Potion            |       |     2 ||     2
 Armour: Animal skin       |     7 |       ||     7
         Ring mail         |     3 |    34 ||    37
  Dodge: Dodged            |    37 |    57 ||    94
